 Dungeon Crawl Stone Soup version 0.31-a0-859-g9dce7d3444 (webtiles) character file.

Game seed: 8575065543669805548

126210 Newt the Stickfighter (level 16, 0/97 HPs)
             Began as a Gargoyle Fighter on Oct 9, 2023.
             Was the Champion of Okawaru.
             Shot with an arrow by a naga sharpshooter (14 damage)
             ... on level 3 of the Snake Pit.
             The game lasted 00:31:53 (25620 turns).

Newt the Stickfighter (Gargoyle Fighter)           Turns: 25620, Time: 00:31:53

Health: 0/97       AC: 50    Str: 37    XL:     16   Next: 98%
Magic:  38/39      EV:  7    Int: 18    God:    Okawaru [******]
Gold:   2002       SH:  5    Dex: 13    Spells: 36/36 levels left

rFire   + . .        P - +9 staff of Olgreb {rPois∞}
rCold   . . .        (no shield)
rNeg    + + +        a - +8 orange crystal plate armour {Archmagi, Int+3 Clar}
rPois   ∞            F - +1 hat of a wizard's laboratory {rF- Str+5 Int+2}
rElec   +            j - scarf of Words of Power {rC+ rF+, +Inv Str+7 Int-5}
rCorr   .            A - +0 pair of gloves
SInv    .            (no boots)
Will    +++..        c - amulet of the Oligarchy {Reflect Int+3 SH+5} Stlth
                     D - ring of Ceekh {rElec rC- rN+ Will+}
HPRegen 0.36/turn    x - ring "Taang" {rF+ rN++ MP+9 Dex+5}
MPRegen 0.26/turn

%: reflection, clarity, archmagi
@: heroic, flying, constricted
A: sickness immunity, AC +12, big wings, negative energy resistance 1,
electricity resistance, torment resistance 1, petrification resistance, hooves
1, iridescent scales 1, clever 1, strong-willed 1, evolution 1
a: Renounce Religion, Evoke Invisibility, Evoke the Staff of Olgreb, Heroism,
Finesse, Duel, Receive Weapon


You were on level 3 of the Snake Pit.
You worshipped Okawaru.
Okawaru was exalted by your worship.
You visited 5 branches of the dungeon, and saw 26 of its levels.
You also visited: Sewer, Ossuary and Gauntlet.

You collected 2586 gold pieces.
You spent 584 gold pieces at shops.

Inventory:

Hand Weapons
 m - the +8 quarterstaff of the End {heavy, rPois rN+ Will+}
   (You found it on level 2 of the Dungeon)

   rPois:     It protects you from poison rN+: It protects you from negative
   energy.
   Will+:     It increases your willpower.
 P - the +9 staff of Olgreb (weapon) {rPois∞}
   (You found it on level 7 of the Dungeon)

   Radiate:   It can be activated via the 'a'bility menu to radiate toxic
   energy, with effectiveness depending on Evocations skill.
   Pois:      It enhances your poison magic.
   rPois∞: It grants immunity to poison.
Missiles
 f - 82 poisoned darts
 E - 11 silver javelins
 T - 3 throwing nets
Armour
 a - the +8 orange crystal plate armour (worn) {Archmagi, Int+3 Clar}
   (Okawaru gifted it to you on level 14 of the Dungeon)

   Int+3:     It affects your intelligence (+3).
   Clar:      It protects you from confusion, rage, mesmerisation and fear.
 j - the scarf of Words of Power (worn) {rC+ rF+, +Inv Str+7 Int-5}
   (You found it on level 2 of the Dungeon)

   Str+7:     It affects your strength (+7).
   Int-5:     It affects your intelligence (-5).
   +Inv:      It lets you turn invisible.
 A - a +0 pair of gloves (worn)
 B - a scarf of repulsion
 F - the +1 hat of a wizard's laboratory (worn) {rF- Str+5 Int+2}
   (You bought it in a shop on level 2 of the Orcish Mines)

   Str+5:     It affects your strength (+5).
   Int+2:     It affects your intelligence (+2).
   rF-:       It makes you vulnerable to fire.
 N - a +0 ring mail of positive energy
 V - a +2 helmet
Jewellery
 c - the amulet of the Oligarchy (around neck) {Reflect Int+3 SH+5}
   (You acquired it on level 15 of the Dungeon)

   [amulet of reflection]

   Reflect:   It reflects blocked missile attacks.
   Int+3:     It affects your intelligence (+3).
   SH+5:      It affects your SH (+5).
 k - a ring of willpower
 p - a +4 ring of protection
 x - the ring "Taang" (right hand) {rF+ rN++ MP+9 Dex+5}
   (You found it in a Gauntlet)

   [ring of protection from fire]

   Dex+5:     It affects your dexterity (+5).
   rF+:       It protects you from fire.
   rN++:      It greatly protects you from negative energy.
   MP+9:      It affects your magic capacity (+9).
 y - a ring of protection from cold
 D - the ring of Ceekh (left hand) {rElec rC- rN+ Will+}
   (You took it off a minotaur in a Gauntlet)

   [ring of willpower]

   rC-:       It makes you vulnerable to cold.
   rElec:     It insulates you from electricity.
   rN+:       It protects you from negative energy.
   Will+:     It increases your willpower.
 S - the ring "Laabor" {rCorr Str+6}
   (You found it on level 1 of the Snake Pit)

   [ring of strength]

   Str+6:     It affects your strength (+6).
   rCorr:     It protects you from acid and corrosion.
 W - a ring of willpower
 Z - the amulet "Eczoist" {RegenMP rN+ Dex+3}
   (You found it on level 1 of the Snake Pit)

   [amulet of magic regeneration]

   RegenMP:   It increases your rate of magic regeneration.
   Dex+3:     It affects your dexterity (+3).
   rN+:       It protects you from negative energy.
Wands
 q - a wand of polymorph (25)
 J - a wand of flame (45)
 Q - a wand of iceblast (31)
 U - a wand of light (8)
Scrolls
 b - 5 scrolls of identify
 e - a scroll of vulnerability
 i - 3 scrolls of enchant armour
 n - 3 scrolls of immolation
 u - 8 scrolls of teleportation
 C - 4 scrolls of amnesia
 G - 3 scrolls of brand weapon
 H - 2 scrolls of fear
 K - a scroll of revelation
 M - 3 scrolls of enchant weapon
 O - 3 scrolls of poison
 Y - a scroll of blinking
Potions
 d - 10 potions of might
 g - 11 potions of curing
 h - 5 potions of mutation
 l - 3 potions of magic
 o - a potion of heal wounds
 r - 2 potions of berserk rage
 s - 5 potions of invisibility
 t - 3 potions of resistance
 v - 5 potions of cancellation
 w - 2 potions of attraction
 z - 2 potions of ambrosia
 I - 3 potions of lignification
 L - 3 potions of enlightenment
 R - 3 potions of brilliance
 X - 2 potions of haste


   Skills:
 - Level 10.0(15.0) Fighting
 - Level 3.8(16.3) Maces & Flails
 + Level 16.2(21.4) Staves
 - Level 14.0(19.0) Armour
 - Level 3.2(8.2) Shields
 - Level 10.6 Spellcasting
 - Level 9.0 Invocations
 - Level 14.0 Evocations


You had 36 spell levels left.
You didn't know any spells.
Your spell library contained the following spells:

 Spells                   Type           Power      Damage    Failure   Level
 Magic Dart               Conj           56%        1d5       45%         1
 Sandblast                Erth           28%        2d8       45%         1
 Sting                    Tmut/Pois      84%        1d7       45%         1
 Ensorcelled Hibernation  Hex/Ice        28%        N/A       61%         2
 Jinxbite                 Hex            28%        N/A       61%         2
 Poisonous Vapours        Pois/Air       42%        N/A       61%         2
 Mephitic Cloud           Conj/Pois/Air  21%        N/A       83%         3
 Volatile Blastmotes      Fire/Tloc      28%        2d12      83%         3
 Anguish                  Hex/Necr       7%         N/A       99%         4
 Brom's Barrelling Bould  Conj/Erth      14%        2d4       99%         4
 Cause Fear               Hex            7%         N/A       99%         4
 Fulminant Prism          Conj/Hex       7%         3d7       99%         4
 Iskenderun's Mystic Bla  Conj/Tloc      14%        2d5       99%         4
 Olgreb's Toxic Radiance  Pois           21%        N/A       99%         4
 Fireball                 Conj/Fire      7%         3d5       100%        5
 Iskenderun's Battlesphe  Conj           14%        2d7       100%        5
 Lee's Rapid Deconstruct  Erth           7%         3d6*      100%        5
 Conjure Ball Lightning   Conj/Air       7%         3x3d6     100%        6
 Orb of Destruction       Conj           7%         9d6       100%        7
 Call Imp                 Summ           Unusable   N/A       N/A         2
 Animate Armour           Summ/Erth      Unusable   N/A       N/A         4
 Summon Lightning Spire   Summ/Air       Unusable   N/A       N/A         4
 Dragon's Call            Summ           Unusable   N/A       N/A         9

Dungeon Overview and Level Annotations

Branches:
Dungeon (15/15)            Temple (1/1) D:6            Lair (5/5) D:9
 Shoals (0/4) Lair:3        Snake (3/4) Lair:3        Slime (0/5) Lair:5
    Orc (2/2) D:11            Elf (0/3) Orc:2        Vaults (0/5) D:14
 Depths (0/4) D:15          Sewer (visited)         Ossuary (visited)
Gauntlet (visited)

Altars:
Ashenzari
Cheibriados
Dithmenos
Elyvilon
Fedhas
Gozag
Hepliaklqana
Kikubaaqudgha
Makhleb
Nemelex Xobeh
Okawaru
Qazlal
Ru
Sif Muna
Trog
Uskayaw
Vehumet
Wu Jian
Xom
Yredelemnul
Zin
The Shining One

Shops:
D:11 ([   Orc:2 *(!!(   Snake:2 [

Annotations:
D:7 1 runed translucent door
Lair:3 1 runed translucent door, lotum's ghost, journeyman DgCj


Innate Abilities, Weirdness & Mutations

You are immune to sickness and miasma.
Your stone body is resilient. (AC +12)
You are immune to poison.
Your large and strong wings let you fly.
You resist negative energy. (rN+)
You are resistant to electric shocks. (rElec)
You are resistant to unholy torment.
You are immune to petrification.
You have large cloven feet.
You are partially covered in iridescent scales. (AC +2)
Your mind is acute. (Int +4, Str/Dex -1)
You are strong-willed. (Will+)
You have hidden genetic potential.


Message History

Okawaru accepts your kill.
The naga warrior hits you but does no damage.
Unknown command.
A shock serpent comes into view.
You block the naga's attack. The naga closely misses you.
The naga sharpshooter unwields a +0 flail.
The naga sharpshooter wields a +0 shortbow.
The naga sharpshooter mumbles some strange words.
The naga sharpshooter magically shoots an arrow.
The arrow hits you but does no damage.
The naga warrior roars a battlecry!
The nagas go into a battle-frenzy!
You barely miss the naga warrior. You kick the naga warrior.
The naga warrior is heavily wounded.
The naga warrior looks more healthy.
The naga barely misses you. x2
The naga closely misses you.
Unknown command.
You sock the naga warrior!
You envenom the naga warrior.
The naga warrior is poisoned.
The naga warrior is severely wounded.
The naga warrior spits poison at you.
The splash of poison hits you but does no damage.
Unknown command.
You hit the naga warrior.
You envenom the naga warrior.
The naga warrior looks even sicker.
You kick the naga warrior, but do no damage.
You punch the naga warrior!
The naga warrior is almost dead.
The naga misses you. The naga grabs you. The naga constricts you.
Unknown command.
You hit the naga warrior.
You envenom the naga warrior.
You kill the naga warrior!
Okawaru accepts your kill. The naga closely misses you.
The naga constricts you.
Unknown command.
You barely miss the naga. Your kick misses the naga.
The naga sharpshooter casts a spell.
The naga sharpshooter magically shoots an arrow.
The arrow hits you!
You die...

.....###.....#..... #........#..#
######.......#.....###......##...
#.........)..##......##.....#...#
....#.........# ###........#...#
##..#.........# #....#####.#....
.#..##.....#######....# ###....
.....##....# #........## #...#
.#....##.### #.).####..# ###..
##.....### ##.@#..####.. ###
#......# #N)#........ #.. ......#
#.NN†..# #.. ......# #..#N)...#
##. #..#...#..# #. #..###.# ...
## .... ... . .. .#### ...# ####
.. .## #...


You could see 2 naga sharpshooters and 2 nagas.

Vanquished Creatures
  Aizul (Snake:3)
  A nagaraja (Snake:3)
  A minotaur (Gauntlet)
  2 fire dragons (D:15)
  2 salamander tyrants
  4 centaur warriors
  6 anacondas
  2 catoblepae
  11 naga warriors
  4 hydras
  A death knight (D:12)
  5 boulder beetles
  3 two-headed ogres
  18 death yaks
  A tengu warrior (D:13)
  2 naga sharpshooters
  4 orc high priests
  7 shock serpents
  A deep elf knight (D:14)
  Urug (D:10)
  4 skeletal warriors (D:14)
  2 salamander mystics (Snake:3)
  2 naga ritualists
  A phantasmal warrior (D:13)
  7 orc knights
  7 mana vipers
  A wizard (D:15)
  3 deep elf pyromancers
  A lindwurm (Lair:5)
  3 manticores
  4 orc sorcerers (Orc:2)
  A wolf spider (D:15)
  A deep elf zephyrmancer (D:14)
  4 cyclopes
  10 salamanders
  A cyclops (shapeshifter) (D:13)
  A moth of wrath (Gauntlet)
  4 elephants (Lair:4)
  7 naga magi
  24 black mambas
  Maurice (Orc:1)
  2 gargoyles (D:12)
  2 guardian serpents
  12 cane toads
  3 rime drakes
  Maggie (D:10)
  15 komodo dragons
  2 freezing wraiths (D:13)
  12 trolls
  A polar bear (Lair:5)
  3 meliai (Gauntlet)
  A tyrant leech (Gauntlet)
  A troll (shapeshifter) (D:15)
  A hornet (D:8)
  Grinder (D:6)
  21 blink frogs
  A centaur simulacrum (D:15)
  3 wraiths
  6 wyverns
  66 yaks
  5 basilisks
  A shadow (D:11)
  8 vampire mosquitoes
  A steam dragon (D:8)
  3 wargs
  3 redbacks (D:7)
  Menkaure (D:6)
  22 nagas
  2 swamp worms (Gauntlet)
  2 acid dragons
  Duvessa (D:6)
  15 water moccasins
  22 orc warriors
  3 black bears
  5 ogres
  2 sky beasts
  A boggart (D:14)
  22 wolves
  9 centaurs
  14 kobold brigands
  15 bullfrogs
  2 gnoll sergeants
  11 scorpions
  10 wights
  14 killer bees
  Dowan (D:6)
  8 howler monkeys
  5 electric eels
  2 centaur zombies (Ossuary)
  A jelly (D:8)
  8 hounds
  15 orc priests
  A human zombie (Ossuary)
  3 sleepcaps
  Jessica (D:3)
  A gnoll bouda (D:5)
  20 orc wizards
  5 mummies (Ossuary)
  11 adders
  3 river rats (Sewer)
  13 gnolls
  A white imp (D:8)
  An ufetubus (D:7)
  5 worms
  A dart slug (D:1)
  79 orcs
  11 endoplasms
  3 giant cockroaches
  3 hobgoblins
  5 jackals
  A quokka (D:5)
  7 ball pythons
  7 bats
  5 frilled lizards
  6 goblins
  A goblin zombie (Ossuary)
  2 hobgoblin zombies (Ossuary)
  34 kobolds
  2 orc zombies (Ossuary)
  13 rats
799 creatures vanquished.

Notes
Turn   | Place    | Note
-------+----------+-------------------------------------------
     0 | D:1      | Newt the Gargoyle Fighter began the quest for the Orb.
     0 | D:1      | Reached XP level 1. HP: 14/14 MP: 1/1
    70 | D:1      | Reached XP level 2. HP: 19/20 MP: 2/2
   394 | D:1      | Reached XP level 3. HP: 16/24 MP: 3/3
   987 | D:2      | Identified the +8 quarterstaff of the End {heavy, rPois rN+
                  | Will+}
  1085 | D:2      | Reached XP level 4. HP: 29/29 MP: 4/4
  1585 | D:2      | Identified the scarf of Words of Power {rC+ rF+, +Inv Str+7
                  | Int-5}
  1860 | D:3      | Found a hazy altar of Hepliaklqana.
  1902 | D:3      | Noticed a scorpion
  1904 | D:3      | Killed a scorpion
  1905 | D:3      | Reached skill level 2 in Staves
  1905 | D:3      | Reached XP level 5. HP: 33/33 MP: 5/5
  2018 | D:3      | Noticed Jessica
  2026 | D:3      | Killed Jessica
  2068 | D:3      | Reached skill level 3 in Staves
  2395 | D:3      | Found a faded altar of an unknown god.
  2399 | D:3      | Reached skill level 4 in Staves
  2399 | D:3      | Reached XP level 6. HP: 38/38 MP: 6/6
  2835 | D:4      | Reached skill level 5 in Staves
  2863 | D:4      | Found a sand-covered staircase.
  2870 | Ossuary  | Entered an ossuary
  2958 | Ossuary  | Reached XP level 7. HP: 43/43 MP: 7/7
  2980 | Ossuary  | Reached skill level 6 in Staves
  3112 | D:4      | Gained mutation: You are clumsy. (Dex -2) [potion of
                  | mutation]
  3112 | D:4      | Gained mutation: You have a pair of small antennae on your
                  | head. [potion of mutation]
  3112 | D:4      | Gained mutation: Your large and strong wings let you fly.
                  | [potion of mutation]
  3457 | D:5      | Entered Level 5 of the Dungeon
  3827 | D:5      | Reached skill level 7 in Staves
  4340 | D:6      | Found a staircase to the Ecumenical Temple.
  4350 | Temple   | Entered the Ecumenical Temple
  4362 | Temple   | Became a worshipper of Warmaster Okawaru
  4438 | D:6      | Reached XP level 8. HP: 48/48 MP: 8/8
  4440 | D:6      | Noticed Dowan
  4440 | D:6      | Noticed Duvessa
  4444 | D:6      | Reached skill level 8 in Staves
  4455 | D:6      | Killed Duvessa
  4457 | D:6      | Killed Dowan
  4470 | D:6      | Noticed Grinder
  4478 | D:6      | Killed Grinder
  4478 | D:6      | Reached * piety under Okawaru
  4479 | D:6      | Reached skill level 9 in Staves
  4675 | D:6      | Found a glowing drain.
  4675 | D:6      | Noticed Menkaure
  4682 | D:6      | Killed Menkaure
  4693 | Sewer    | Entered a sewer
  4834 | Sewer    | Reached skill level 5 in Armour
  4836 | Sewer    | Reached XP level 9. HP: 52/52 MP: 9/9
  5083 | D:6      | Reached ** piety under Okawaru
  5666 | D:7      | Reached skill level 5 in Fighting
  6156 | D:7      | Found a runed translucent door.
  6158 | D:7      | Found a runed translucent gate.
  6158 | D:7      | Found a runed translucent gate.
  6166 | D:7      | Found the +9 staff of Olgreb {rPois∞}
  6170 | D:7      | Found a runed translucent door.
  6195 | D:7      | Found a runed translucent gate.
  6232 | D:7      | Reached skill level 1 in Evocations
  6240 | D:7      | Reached *** piety under Okawaru
  6246 | D:7      | Reached XP level 10. HP: 54/63 MP: 10/10
  6270 | D:7      | Reached skill level 5 in Evocations
  6280 | D:7      | Reached skill level 10 in Staves
  6466 | D:8      | Reached **** piety under Okawaru
  6536 | D:8      | Identified the +5 sling of the Vanishing Wishes {flame,
                  | Str+3 Int+2}
  6539 | D:8      | Found a burning altar of Makhleb.
  6550 | D:8      | Found a white marble altar of Elyvilon.
  6551 | D:8      | Found an opulent altar of Gozag.
  6552 | D:8      | Found a blossoming altar of Fedhas.
  6552 | D:8      | Found a shadowy altar of Dithmenos.
  6553 | D:8      | Found a shimmering blue altar of Sif Muna.
  6554 | D:8      | Found a glowing golden altar of the Shining One.
  6582 | D:8      | Reached skill level 11 in Staves
  7362 | D:9      | Reached skill level 12 in Staves
  7364 | D:9      | Found a staircase to the Lair.
  7404 | D:9      | Reached XP level 11. HP: 56/67 MP: 6/11
  7523 | D:9      | Reached ***** piety under Okawaru
  7825 | D:9      | Reached skill level 13 in Staves
  8120 | D:10     | Entered Level 10 of the Dungeon
  8236 | D:10     | Noticed Urug
  8254 | D:10     | Killed Urug
  8254 | D:10     | Received a gift from Okawaru
  8257 | D:10     | Noticed a centaur warrior
  8271 | D:10     | Killed a centaur warrior
  8325 | D:10     | Noticed Maggie
  8340 | D:10     | Killed Maggie
  8585 | D:10     | Noticed a two-headed ogre
  8591 | D:10     | Killed a two-headed ogre
  8592 | D:10     | Lost mutation: You are clumsy. (Dex -2) [potion of
                  | mutation]
  8592 | D:10     | Lost mutation: Your large and strong wings let you fly.
                  | [potion of mutation]
  8592 | D:10     | Lost mutation: You have a pair of small antennae on your
                  | head. [potion of mutation]
  8592 | D:10     | Gained mutation: You are robust. (+10% HP) [potion of
                  | mutation]
  8592 | D:10     | Gained mutation: Your mind is acute. (Int +4, Str/Dex -1)
                  | [potion of mutation]
  8592 | D:10     | Gained mutation: Your spells are a little harder to cast,
                  | but a little more powerful. [potion of mutation]
  8992 | D:11     | Noticed a manticore
  9001 | D:11     | Killed a manticore
  9110 | D:11     | Noticed a cyclops
  9117 | D:11     | Killed a cyclops
  9117 | D:11     | Received a gift from Okawaru
  9226 | D:11     | Noticed a manticore
  9235 | D:11     | Killed a manticore
  9236 | D:11     | Reached skill level 1 in Invocations
  9266 | D:11     | Noticed a boulder beetle
  9281 | D:11     | Killed a boulder beetle
  9338 | D:11     | Reached XP level 12. HP: 78/79 MP: 13/15
  9360 | D:11     | Found Nuuxt's Armour Emporium.
  9362 | D:11     | Found a staircase to the Orcish Mines.
  9371 | D:11     | Found Jeth's Weapon Emporium.
  9394 | D:11     | Noticed a two-headed ogre
  9405 | D:11     | Killed a two-headed ogre
  9406 | D:11     | Reached skill level 5 in Invocations
  9868 | D:12     | Noticed a two-headed ogre
  9875 | D:12     | Killed a two-headed ogre
  9880 | D:12     | Noticed a boulder beetle
  9888 | D:12     | Killed a boulder beetle
  9888 | D:12     | Received a gift from Okawaru
 10596 | D:13     | Noticed a death knight
 10825 | D:12     | Killed a death knight
 11104 | D:13     | Noticed a centaur warrior
 11154 | D:13     | Killed a centaur warrior
 11383 | D:13     | Received a gift from Okawaru
 11387 | D:13     | Found a shadowy altar of Dithmenos.
 11525 | D:13     | Noticed a tengu warrior
 11533 | D:13     | Killed a tengu warrior
 11534 | D:13     | Reached skill level 10 in Fighting
 12026 | D:14     | Reached XP level 13. HP: 90/90 MP: 19/19
 12066 | D:14     | Reached ****** piety under Okawaru
 12067 | D:14     | Acquired the +8 orange crystal plate armour {Archmagi,
                  | Int+3 Clar}
 12067 | D:14     | Received a gift from Okawaru
 12067 | D:14     | Found the +8 orange crystal plate armour {Archmagi, Int+3
                  | Clar}
 12372 | D:14     | Found a gate to the Vaults.
 12424 | D:14     | Received a gift from Okawaru
 12425 | D:14     | Reached skill level 10 in Armour
 12915 | D:14     | You fall into a shaft and drop 1 floor!
 12915 | D:15     | Entered Level 15 of the Dungeon
 12945 | D:15     | Reached skill level 14 in Staves
 13119 | D:15     | Identified the +0 robe of Feasting {Contam Fly rElec
                  | Archmagi}
 13183 | D:15     | Noticed a fire dragon
 13185 | D:15     | Noticed a fire dragon
 13210 | D:15     | Killed a fire dragon
 13225 | D:15     | Killed a fire dragon
 13541 | D:15     | Identified a scroll of acquirement
 13570 | D:15     | Acquired the amulet of the Oligarchy {Reflect Int+3 SH+5}
 13726 | D:15     | Found a staircase to the Depths.
 14055 | Lair:1   | Entered Level 1 of the Lair of Beasts
 14150 | Lair:1   | Received a gift from Okawaru
 14169 | Lair:1   | Gained mutation: Your large and strong wings let you fly.
                  | [Gargoyle growth]
 14169 | Lair:1   | Reached XP level 14. HP: 69/96 MP: 10/20
 14366 | Lair:1   | Identified the +1 flail of Midnight {heavy, rCorr SInv}
 15212 | Lair:2   | Received a gift from Okawaru
 15627 | Lair:2   | Reached skill level 1 in Spellcasting
 15712 | Lair:2   | Received a gift from Okawaru
 16416 | Lair:3   | Found a staircase to the Shoals.
 16593 | Lair:3   | Reached skill level 5 in Spellcasting
 16817 | Lair:3   | Found a runed translucent door.
 16818 | Lair:3   | Found a shimmering altar of Xom.
 16818 | Lair:3   | Noticed lotum's ghost (journeyman DgCj)
 16869 | Lair:3   | Received a gift from Okawaru
 17047 | Lair:3   | Found a staircase to the Snake Pit.
 17491 | Lair:4   | Identified the +0 ring mail "Rirchouthru" {rN++ Str+4 SInv}
 17550 | Lair:4   | Identified the +7 quarterstaff of Immorality {speed, *Slow
                  | rC+ Will+ Stlth+}
 17936 | Lair:4   | Received a gift from Okawaru
 17949 | Lair:4   | Reached XP level 15. HP: 101/101 MP: 26/26
 18225 | Lair:5   | Entered Level 5 of the Lair of Beasts
 18368 | Lair:5   | Received a gift from Okawaru
 18379 | Lair:5   | Reached skill level 10 in Spellcasting
 18485 | Lair:5   | Found a gate leading to a gauntlet.
 18494 | Gauntlet | Entered a Gauntlet
 18494 | Gauntlet | Found a transporter.
 18494 | Gauntlet | Found a transporter.
 18635 | Gauntlet | Found a transporter.
 18650 | Gauntlet | Found a transporter.
 18670 | Gauntlet | Found a transporter.
 18679 | Gauntlet | Found a transporter.
 18759 | Gauntlet | Found a transporter.
 18774 | Gauntlet | Found a transporter.
 18788 | Gauntlet | Found a transporter.
 18801 | Gauntlet | Found a transporter.
 18817 | Gauntlet | Found a transporter.
 18884 | Gauntlet | Found a transporter.
 18896 | Gauntlet | Found a transporter.
 18904 | Gauntlet | Found a transporter.
 18928 | Gauntlet | Found a transporter.
 18938 | Gauntlet | Found a transporter.
 19103 | Gauntlet | Identified the ring "Taang" {rF+ rN++ MP+9 Dex+5}
 19159 | Gauntlet | Identified the ring of Ceekh {rElec rC- rN+ Will+}
 19770 | Lair:5   | Reached skill level 10 in Evocations
 20201 | Orc:1    | Entered Level 1 of the Orcish Mines
 20357 | Orc:2    | Entered Level 2 of the Orcish Mines
 20513 | Orc:2    | Received a gift from Okawaru
 20900 | Orc:2    | Found a staircase to the Elven Halls.
 20940 | Orc:2    | Found Kouxt's General Store.
 20974 | Orc:2    | Bought the +1 hat of a wizard's laboratory {rF- Str+5
                  | Int+2} for 260 gold pieces
 21048 | Orc:2    | Found Qathrevihi's Antique Weapon Shoppe.
 21048 | Orc:2    | Found Narethru's Weapon Boutique.
 21069 | Orc:2    | Found Qoihemo's Distillery.
 21069 | Orc:2    | Found Ryluowu's Distillery.
 21075 | Orc:2    | Bought an ancient quarterstaff for 324 gold pieces
 21075 | Orc:2    | Identified the +5 quarterstaff of Usahais {flame, rC++ rN++
                  | Int-3} (You bought it in a shop on level 2 of the Orcish
                  | Mines)
 21254 | Orc:1    | Noticed Maurice
 21259 | Orc:1    | Killed Maurice
 21409 | Orc:1    | Found a shimmering blue altar of Sif Muna.
 21432 | Orc:1    | Got an odd book
 21642 | Snake:1  | Entered Level 1 of the Snake Pit
 21666 | Lair:3   | Reached XP level 16. HP: 50/106 MP: 13/30
 22156 | Snake:1  | Found a transporter.
 22170 | Snake:1  | Received a gift from Okawaru
 23151 | Snake:1  | Found a transporter.
 23244 | Snake:1  | Gained mutation: Your body sometimes deteriorates upon
                  | taking damage. [mutagenic glow]
 23245 | Snake:1  | Received a gift from Okawaru
 23273 | Snake:1  | Lost mutation: Your spells are a little harder to cast, but
                  | a little more powerful. [mutagenic glow]
 23485 | Snake:1  | Identified the ring "Laabor" {rCorr Str+6}
 23488 | Snake:1  | Identified the amulet "Eczoist" {RegenMP rN+ Dex+3}
 23502 | Snake:1  | Identified the ring "Weovuw Ewo" {Ice *Corrode rElec Dex+4}
 23512 | Snake:1  | Identified the ring "Qagutewn" {Fly Str+3 Dex+2}
 23565 | Snake:2  | Lost mutation: Your body sometimes deteriorates upon taking
                  | damage. [potion of mutation]
 23565 | Snake:2  | Lost mutation: Your mind is acute. (Int +4, Str/Dex -1)
                  | [potion of mutation]
 23565 | Snake:2  | Lost mutation: You are robust. (+10% HP) [potion of
                  | mutation]
 23565 | Snake:2  | Gained mutation: You have a pair of small horns on your
                  | head. [potion of mutation]
 23565 | Snake:2  | Gained mutation: You are strong-willed. (Will+) [potion of
                  | mutation]
 23565 | Snake:2  | Gained mutation: You are occasionally teleported next to
                  | monsters. [potion of mutation]
 23565 | Snake:2  | Gained mutation: You are partially covered in iridescent
                  | scales. (AC +2) [potion of mutation]
 23566 | Snake:2  | Lost mutation: You are occasionally teleported next to
                  | monsters. [potion of mutation]
 23566 | Snake:2  | Lost mutation: You have a pair of small horns on your head.
                  | [potion of mutation]
 23566 | Snake:2  | Gained mutation: You have large cloven feet. [potion of
                  | mutation]
 23566 | Snake:2  | Gained mutation: Your mind is acute. (Int +4, Str/Dex -1)
                  | [potion of mutation]
 23566 | Snake:2  | Gained mutation: You have hidden genetic potential. [potion
                  | of mutation]
 23709 | Snake:2  | Identified the +4 flail of Ephyashro {flame, Int+4}
 23764 | Snake:2  | Found Syruit's Antique Armour Shop.
 23971 | Snake:2  | Reached skill level 15 in Staves
 24156 | Snake:2  | Received a gift from Okawaru
 24897 | Snake:3  | Noticed Aizul
 24917 | Snake:3  | Killed Aizul
 25208 | Snake:3  | Noticed a nagaraja
 25216 | Snake:3  | Killed a nagaraja
 25301 | Snake:3  | Reached skill level 16 in Staves
 25604 | Snake:3  | HP: 3/97 [naga sharpshooter/arrow (6)]
 25620 | Snake:3  | Shot with an arrow by a naga sharpshooter

Illustrated notes

Levels and vault maps discovered:
D:1:      nzn_arrival_crosshair, layout_loops_ring
D:2:      layout_basic
D:3:      layout_loops_ring, mainiacjoe_overflow_small_starburst,
          nicolae_ecumenical_lake_church, minmay_misc_feat_room, uniq_jessica
D:4:      layout_loops_cross, chequers_ossuary_entry_cave
D:5:      layout_cave_pods
D:6:      layout_basic, minmay_temple_entry_sparse_star,
          cheibrodos_sewer_entry_drain, uniq_menkaure, uniq_duvessa,
          uniq_grinder
D:7:      layout_basic, kennysheep_small_spiral,
          minmay_guarded_unrand_staff_of_olgreb
D:8:      layout_basic, grunt_temple_overflow_open
D:9:      layout_gridville, erik_lair_island, small_statue_intersection,
          dk_vineyard_2, grunt_ministairs_14
D:10:     layout_loops_ring, uniq_urug, uniq_maggie
D:11:     layout_rooms, orc_david_3
D:12:     layout_basic
D:13:     layout_basic, grunt_dithmenos_smoke_and_mirrors
D:14:     layout_cave_pods, hangedman_vaults_entry_quadrant_bands, enter_trove_1
D:15:     grunt_enter_depths_hoard, layout_basic, dk_noncrumbling_3
Temple:   nicolae_temple_great_sept
Lair:1:   beast_lair_carwin_large_2, layout_concentric_octagons,
          grunt_megastairs_4
Lair:2:   layout_regular_city, lemuel_fruit_fields
Lair:3:   layout_chaotic_city, elwin_shoals_entry_rocks, dummy_snake_entry,
          ebering_ghost_xom, beast_lair_carwin_5, grunt_megastairs_3,
          serial_bayou_shore_b
Lair:4:   layout_regular_city, minivault_25, infiniplex_staircase_pool,
          serial_bayou_shore_a
Lair:5:   wormcave, layout_cave_pods, minmay_slime_entry_oklob_enclosed,
          gauntlet_entry_generic, grunt_megastairs_1
Snake:1:  gammafunk_its_a_trap, layout_misc_corridors, lemuel_fruit_tree
Snake:2:  layout_onion_interference, minmay_shop_star
Snake:3:  layout_honeycomb, uniq_aizul
Orc:1:    layout_diamond_mine, led_sif_book, uniq_maurice
Orc:2:    grunt_orc_tribal_feast, layout_diamond_mine, special_room,
          serial_shops, shop_statue

Skill      XL: |  1  2  3  4  5  6  7  8  9 10 11 12 13 14 15 16 |
---------------+-------------------------------------------------+-----
Fighting       | 4 7 10 | 10.0
Maces & Flails | 3 |  3.8
Staves         | 2 4 5 7 9 12 13 14 16 | 16.2
Armour         | 5 7 11 14 | 14.0
Evocations     | 4 5 9 11 14 | 14.0
Invocations    | 4 9 |  9.0
Spellcasting   | 7 10 | 10.6
Shields        | |  3.2

Action                     |  1- 3 |  4- 6 |  7- 9 | 10-12 | 13-15 | 16-18 || total
---------------------------+-------+-------+-------+-------+-------+-------++-------
  Melee: Flail             |   134 |    16 |       |       |       |       ||   150
         Quarterstaff      |       |    67 |   196 |    35 |       |       ||   298
         Staff             |       |       |       |   490 |  1108 |   459 ||  2057
         Punch             |       |       |       |     9 |    22 |     7 ||    38
         Kick              |       |       |       |       |       |    71 ||    71
  Throw: Throwing net      |       |       |       |     1 |     1 |       ||     2
 Invoke: Heroism           |       |       |       |     1 |     2 |     1 ||     4
         Receive Armour    |       |       |       |       |     1 |       ||     1
Ability: Evoke the Staff o |       |       |       |    18 |    59 |    13 ||    90
  Evoke: Wand              |       |       |       |     1 |     2 |       ||     3
    Use: Scroll            |     5 |     1 |    11 |     5 |     6 |     1 ||    29
         Potion            |       |       |     3 |     6 |     3 |     3 ||    15
   Stab: Held in net/web   |       |       |       |       |     2 |       ||     2
         Invisible         |       |       |       |       |     1 |       ||     1
 Armour: Scale mail        |   116 |    47 |   121 |   181 |       |       ||   465
         Ring mail         |       |       |       |   162 |    23 |       ||   185
         Crystal plate arm |       |       |       |       |   860 |   446 ||  1306
  Dodge: Dodged            |    59 |    44 |   170 |   359 |   429 |   109 ||  1170
  Block: Buckler           |    26 |     3 |       |       |       |       ||    29
         Other             |       |       |       |       |   160 |    79 ||   239
         Reflection        |       |       |       |       |     2 |     7 ||     9

Table legend: (Time is in decaauts)
 A = Elapsed time spent in this place.
 B = Non-inter-level travel time spent in this place.
 C = Inter-level travel time spent in this place.
 D = Time resting spent in this place.
 E = Time spent auto-exploring this place.
 F = Levels seen in this place.
 G = Mean time per level.
                   A        B        C        D        E       F      G
               +--------+--------+--------+--------+--------+-----+--------+
         Total |  24967 |  23830 |   1137 |   2369 |  17055 |  29 |  860.9 |
       Dungeon |  13492 |  12808 |    684 |   1295 |   9183 |  15 |  899.5 |
        Temple |     24 |      1 |     23 |      0 |      0 |   1 |   24.0 |
          Lair |   5424 |   5190 |    234 |    306 |   4053 |   5 | 1084.8 |
     Snake Pit |   3524 |   3389 |    135 |    534 |   2302 |   3 | 1174.7 |
  Orcish Mines |   1302 |   1242 |     60 |    234 |    783 |   2 |  651.0 |
         Sewer |    275 |    275 |      0 |      0 |    151 |   1 |  275.0 |
       Ossuary |    247 |    247 |      0 |      0 |    113 |   1 |  247.0 |
      Gauntlet |    675 |    675 |      0 |      0 |    470 |   1 |  675.0 |
               +--------+--------+--------+--------+--------+-----+--------+

Top non-repeatable levels by time:
 Snake:1: 1562 daAuts
    D:12: 1339 daAuts
  Lair:3: 1229 daAuts
  Lair:1: 1128 daAuts
     D:2: 1095 daAuts
  Lair:5: 1088 daAuts
 Snake:2: 1060 daAuts
    D:13: 1056 daAuts
     D:7: 1052 daAuts
    D:15: 1018 daAuts
  Lair:2: 1014 daAuts
  Lair:4: 963 daAuts
    D:14: 905 daAuts
 Snake:3: 901 daAuts
     D:9: 898 daAuts
